 Dungeon Sprint DCSS version 0.17-a0-1324-ga541562 (webtiles) character file.

14275 Kidiri the Unseen (level 11, -23/58 HPs)
             Began as a Spriggan Enchanter on June 9, 2015.
             Was the Champion of Dithmenos.
             Annihilated by Rupert
             ... wielding a +3 battleaxe of chopping
              (30 damage)
             ... while paralysed by Rupert
             ... in the Dungeon (Sprint III: "The Ten Rune Challenge").
             The game lasted 00:21:43 (3156 turns).

Kidiri the Unseen (Spriggan Enchanter)              Turns: 3156, Time: 00:21:44

Health: -23/58     AC:  5    Str:  4    XL:     11   Next: 86%
Magic:  28/28      EV:  4    Int: 18    God:    Dithmenos [******]
Gold:   33         SH:  0    Dex: 19    Spells: 9 memorised, 4 levels left

rFire  . . .     SeeInvis +     e - +0 blowgun
rCold  . . .     Clarity  .     b - +1 robe
rNeg   . . .     SustAt   .     (shield restricted)
rPois  +         Gourm    .     (helmet restricted)
rElec  .         Spirit   .     l - +1 cloak {rPois}
rCorr  .         Warding  .     (gloves unavailable)
rMut   .         NoTele   +     (boots unavailable)
MR     +....                    (no amulet)
Stlth  ++++++++++               (no ring)
                                (no ring)

@: paralysed, wreathed by umbra, very quick, somewhat resistant to hostile
enchantments, uncannily stealthy
A: unfitting armour, talons 1, see invisible, herbivore 3, speed 3, mutation
resistance 1, slow metabolism 2
a: Shadow Step, Shadow Form, Renounce Religion


You were in the Dungeon.
You worshipped Dithmenos.
Dithmenos was exalted by your worship.
You were not hungry.

You visited 1 branch You collected 33 gold pieces.

Inventory:

Hand weapons
 a - a +1 dagger
 e - a +0 blowgun (weapon)
 k - a +1 dagger of venom
 w - a +0 morningstar of distortion
Missiles
 x - 7 curare-tipped needles
 y - a needle of sleeping (quivered)
 z - 5 needles of paralysis
Armour
 b - a +1 robe (worn)
 l - a +1 cloak of poison resistance (worn)
Magical devices
 v - a wand of magic darts (32)
Scrolls
 j - 2 scrolls of blinking
 n - a scroll of holy word {unknown}
 p - a scroll of remove curse {unknown}
 r - a scroll of torment {unknown}
Potions
 f - a potion of heal wounds
 g - a potion of haste
 h - 3 potions of magic
 i - a potion of berserk rage
 o - a potion of might
 q - a potion of flight
 s - 3 potions of cure mutation
 t - a potion of lignification {unknown}
Books
 c - a book of Maledictions

   Spells                             Type                      Level
   a - Corona                         Hexes                        1
   b - Ensorcelled Hibernation        Hexes/Ice                    2
   c - Confuse                        Hexes                        3
   d - Tukima's Dance                 Hexes                        3
   e - Dazzling Spray                 Conjuration/Hexes            3
 u - a book of Beasts

   Spells                             Type                      Level
   a - Summon Butterflies             Summoning                    1
   b - Call Canine Familiar           Summoning                    3
   c - Summon Ice Beast               Ice/Summoning                4
   d - Summon Mana Viper              Hexes/Summoning              5
   e - Summon Hydra                   Summoning                    7
Comestibles
 d - 2 bread rations
 m - 25 royal jellies
 A - 6 fruits


   Skills:
 + Level 7.1 Fighting
 * Level 13.1 Short Blades
 * Level 16.5 Dodging
 * Level 17.9 Stealth
 * Level 12.9 Spellcasting
 + Level 5.6 Conjurations
 + Level 10.8 Hexes
 + Level 6.1 Summonings
 + Level 7.2 Ice Magic
 + Level 7.2 Invocations


You had 4 spell levels left.
You knew the following spells:

 Your Spells              Type           Power        Failure   Level  Hunger
a - Corona                Hex            ######.      1%          1    None
b - Ensorcelled Hibernat  Hex/Ice        #####.       1%          2    None
c - Confuse               Hex            ######..     1%          3    None
d - Tukima's Dance        Hex            ######..     1%          3    None
e - Dazzling Spray        Conj/Hex       #####...     1%          3    None
f - Call Canine Familiar  Summ           ####....     1%          3    None
g - Summon Ice Beast      Ice/Summ       #####...     4%          4    #......
h - Summon Mana Viper     Hex/Summ       #####...     6%          5    ####...
i - Summon Hydra          Summ           ####......   100%        7    #######


Dungeon Overview and Level Annotations

Branches:
Dungeon (1/1)

Altars:
Cheibriados
Dithmenos
Elyvilon
Fedhas
Gozag
Kikubaaqudgha
Makhleb
Nemelex Xobeh
Okawaru
Qazlal
Ru
Sif Muna
Trog
Vehumet
Xom
Yredelemnul
Zin
The Shining One
Jiyva
Lugonu

Annotations:
D Rupert


Innate Abilities, Weirdness & Mutations

You are tiny and cannot use many weapons and most armour.
You have supernaturally acute eyesight.
You are a herbivore.
You cover ground extremely quickly.
You need consume almost no food.
You have sharp toenails.
You are somewhat resistant to further mutation.


Message History

The needle of sleeping barely misses Rupert.
Firing (i - inventory. (,) - cycle):
y - 2 needles of sleeping (quivered)
Press: ? - help, Shift-Dir - straight line, f/p - Rupert
Aim: Rupert, wielding a battleaxe of chopping and wearing a leather armour (umbra)
You shoot a needle of sleeping. The needle of sleeping hits Rupert.
Rupert resists.
Rupert yells loudly at you.
You suddenly lose the ability to move!
Rupert barely misses you.
Rupert hits you with a battleaxe of chopping!!
You emit a cloud of dark smoke.
Rupert hits you with a battleaxe of chopping!!
* * * LOW HITPOINT WARNING * * *
You emit a cloud of dark smoke.
* * * LOW HITPOINT WARNING * * *
Rupert roars madly and goes into a rage!
Rupert goes berserk!
Rupert hits you with a battleaxe of chopping!!
Ouch! That really hurt!
You die...

#[.# #.. ####....#___#
▓▓▓▓▓▓▓▓▓▓▓▓▓▓▓▓▓▓▓▓▓▓
+≈≈≈≈≈≈§≈≈♣♣.....♣
#≈.≈≈§§≈≈≈♣♣.≈≈≈≈'
#.≈≈§§§§≈≈≈%..÷..#
#≈≈≈§§§§≈≈♣♣♣♣♣♣♣#
#≈≈≈§§≈§≈≈♣ #
▓##+####'#######♣ ♣♣
▓..§§@@§..((.(..♣ ♣.
▓#+#############+ ♣♣
.. ♣ ▓. ♣ ▓ ♣ ♣ #


You could see Rupert (berserk).

Vanquished Creatures
  Dowan (D)
  Maud (D)
  Josephine (D)
  2 hydras (D)
  A centaur warrior (D)
  An unseen horror (D)
  A lindwurm (D)
  A spriggan druid (D)
  A death drake (D)
  Duvessa (D)
  2 spiny frogs (D)
  A fire drake (D)
  A deep elf priest (D)
  A komodo dragon (D)
  3 wandering mushrooms (D)
  A queen bee (D)
  5 blink frogs (D)
  2 spriggans (D)
  3 redbacks (D)
  A shadow (D)
  A spatial vortex (D)
  A swamp drake (D)
  2 centaurs (D)
  2 brain worms (D)
  A necrophage (D)
  An earth elemental (D)
  A water elemental (D)
  An electric eel (D)
  31 killer bees (D)
  A jelly (D)
  Crazy Yiuf (D)
  A necromancer (D)
  A wizard (D)
  A kobold demonologist (D)
  3 humans (D)
  2 oozes (D)
  2 rats (D)
84 creatures vanquished.

Vanquished Creatures (collateral kills)
  A killer bee (D)
1 creature vanquished.

Vanquished Creatures (others)
  2 draconian scorchers (D)
  3 yaktaurs (D)
  2 fire drakes (D)
  2 plants (D)
9 creatures vanquished.

Grand Total: 94 creatures vanquished

Notes
Turn   | Place    | Note
--------------------------------------------------------------
     0 | D        | Kidiri the Spriggan Enchanter began the quest for the Orb.
     0 | D        | Reached XP level 1. HP: 9/9 MP: 5/5
    19 | D        | Reached skill level 5 in Stealth
    29 | D        | Reached XP level 2. HP: 10/14 MP: 7/7
    33 | D        | Learned a level 2 spell: Ensorcelled Hibernation
   158 | D        | Noticed Crazy Yiuf
   161 | D        | Killed Crazy Yiuf
   161 | D        | Reached skill level 1 in Fighting
   161 | D        | Reached skill level 5 in Dodging
   161 | D        | Reached skill level 6 in Stealth
   161 | D        | Reached XP level 3. HP: 18/18 MP: 9/9
   168 | D        | Killed a white draconian scorcher
   169 | D        | Reached skill level 1 in Ice Magic
   201 | D        | Killed a yaktaur
   225 | D        | Gained mutation: You have sharp toenails. [potion of mutation]
   225 | D        | Gained mutation: You are somewhat resistant to further mutation. [potion of mutation]
   235 | D        | Killed a white draconian scorcher
   238 | D        | Learned a level 3 spell: Confuse
   242 | D        | Learned a level 3 spell: Tukima's Dance
   242 | D        | Noticed a water elemental
   245 | D        | Killed a water elemental
   245 | D        | Reached skill level 7 in Stealth
   245 | D        | Reached skill level 5 in Spellcasting
   245 | D        | Reached XP level 4. HP: 23/23 MP: 10/12
   250 | D        | Learned a level 3 spell: Dazzling Spray
   260 | D        | Noticed a jelly
   261 | D        | Noticed a shadow
   263 | D        | Killed a shadow
   263 | D        | Reached skill level 8 in Dodging
   263 | D        | Reached skill level 9 in Stealth
   263 | D        | Reached skill level 5 in Hexes
   263 | D        | Reached XP level 5. HP: 26/28 MP: 11/13
   266 | D        | Killed a jelly
   266 | D        | Reached XP level 6. HP: 29/32 MP: 10/14
   298 | D        | Found a stormy altar of Qazlal.
   298 | D        | Found a sacrificial altar of Ru.
   298 | D        | Found a burning altar of Makhleb.
   298 | D        | Found a shimmering altar of Xom.
   299 | D        | Found a viscous altar of Jiyva.
   299 | D        | Found a shadowy altar of Dithmenos.
   299 | D        | Found a sparkling altar of Nemelex Xobeh.
   299 | D        | Found a corrupted altar of Lugonu.
   299 | D        | Found an opulent altar of Gozag.
   299 | D        | Noticed a spatial vortex
   303 | D        | Became a worshipper of Dithmenos the Shadowed
   311 | D        | Killed a yaktaur
   352 | D        | Killed a spatial vortex
   352 | D        | Reached skill level 10 in Stealth
   381 | D        | Found a radiant altar of Vehumet.
   381 | D        | Found a deep blue altar of Sif Muna.
   381 | D        | Found an ancient bone altar of Kikubaaqudgha.
   381 | D        | Noticed a wizard
   383 | D        | Killed a wizard
   383 | D        | Reached skill level 11 in Stealth
   385 | D        | Reached skill level 10 in Dodging
   399 | D        | Learned a level 3 spell: Call Canine Familiar
   408 | D        | Found a glowing silver altar of Zin.
   408 | D        | Found a glowing golden altar of the Shining One.
   408 | D        | Found a white marble altar of Elyvilon.
   409 | D        | Noticed a deep elf priest
   411 | D        | Killed a deep elf priest
   411 | D        | Reached skill level 1 in Conjurations
   411 | D        | Reached skill level 1 in Summonings
   411 | D        | Reached skill level 1 in Invocations
   411 | D        | Reached XP level 7. HP: 35/37 MP: 14/17
   433 | D        | Found an iron altar of Okawaru.
   433 | D        | Found a bloodstained altar of Trog.
   433 | D        | Noticed a human
   433 | D        | Noticed a human
   436 | D        | Killed a human
   436 | D        | Reached skill level 12 in Stealth
   469 | D        | Killed a human
   513 | D        | Found a basalt altar of Yredelemnul.
   513 | D        | Found a snail-covered altar of Cheibriados.
   513 | D        | Found a blossoming altar of Fedhas.
   513 | D        | Noticed a necrophage
   513 | D        | Noticed a necromancer
   515 | D        | Killed a necromancer
   515 | D        | Acquired Dithmenos's first power
   515 | D        | Reached XP level 8. HP: 42/42 MP: 19/19
   516 | D        | Killed a necrophage
   544 | D        | Noticed Josephine
   546 | D        | Killed Josephine
   546 | D        | Reached skill level 13 in Stealth
   554 | D        | Learned a level 4 spell: Summon Ice Beast
   562 | D        | Noticed an earth elemental
   726 | D        | Killed a fire drake
  1037 | D        | Killed a fire drake
  1183 | D        | Killed an earth elemental
  1342 | D        | Noticed a centaur
  1342 | D        | Noticed a centaur warrior
  1342 | D        | Noticed a centaur
  1344 | D        | Killed a centaur
  1346 | D        | Killed a centaur warrior
  1346 | D        | Acquired Dithmenos's second power
  1346 | D        | Reached skill level 5 in Fighting
  1346 | D        | Reached skill level 10 in Short Blades
  1346 | D        | Reached skill level 14 in Stealth
  1346 | D        | Reached skill level 5 in Ice Magic
  1346 | D        | Reached XP level 9. HP: 45/47 MP: 21/23
  1347 | D        | Killed a centaur
  1367 | D        | Learned a level 5 spell: Summon Mana Viper
  1376 | D        | Noticed an unseen horror
  1378 | D        | Killed an unseen horror
  1388 | D        | Noticed a killer bee
  1388 | D        | Noticed a killer bee
  1388 | D        | Noticed a killer bee
  1388 | D        | Noticed a killer bee
  1388 | D        | Noticed a killer bee
  1388 | D        | Noticed a killer bee
  1388 | D        | Noticed a killer bee
  1388 | D        | Noticed a killer bee
  1388 | D        | Noticed a queen bee
  1388 | D        | Noticed a killer bee
  1388 | D        | Noticed a killer bee
  1388 | D        | Noticed a killer bee
  1388 | D        | Noticed a killer bee
  1388 | D        | Noticed a killer bee
  1388 | D        | Noticed a killer bee
  1390 | D        | Noticed a killer bee
  1390 | D        | Noticed a killer bee
  1390 | D        | Noticed a killer bee
  1391 | D        | Noticed a killer bee
  1391 | D        | Noticed a killer bee
  1393 | D        | Killed a killer bee
  1397 | D        | Killed a killer bee
  1402 | D        | Noticed a killer bee
  1405 | D        | Noticed a killer bee
  1406 | D        | Killed a killer bee
  1406 | D        | Acquired Dithmenos's third power
  1412 | D        | Killed a killer bee
  1416 | D        | Noticed a killer bee
  1420 | D        | Killed a killer bee
  1426 | D        | Killed a killer bee
  1432 | D        | Noticed a killer bee
  1432 | D        | Killed a killer bee
  1442 | D        | Killed a killer bee
  1451 | D        | Noticed a killer bee
  1454 | D        | Killed a killer bee
  1454 | D        | Acquired Dithmenos's fourth power
  1457 | D        | Noticed a killer bee
  1463 | D        | Killed a killer bee
  1469 | D        | Killed a killer bee
  1472 | D        | Noticed a killer bee
  1473 | D        | Killed a killer bee
  1479 | D        | Killed a killer bee
  1484 | D        | Noticed a killer bee
  1487 | D        | Killed a killer bee
  1493 | D        | Killed a killer bee
  1501 | D        | Killed a killer bee
  1501 | D        | Reached XP level 10. HP: 20/51 MP: 24/24
  1507 | D        | Killed a killer bee
  1507 | D        | Reached skill level 10 in Spellcasting
  1508 | D        | Noticed a killer bee
  1512 | D        | Noticed a killer bee
  1519 | D        | Killed a queen bee
  1755 | D        | Noticed a killer bee
  1762 | D        | Killed a killer bee
  1763 | D        | Noticed a killer bee
  1768 | D        | Killed a killer bee
  1774 | D        | Killed a killer bee
  1778 | D        | Killed a killer bee
  1778 | D        | Reached skill level 5 in Invocations
  1782 | D        | Killed a killer bee
  1782 | D        | Reached skill level 15 in Stealth
  1789 | D        | Killed a killer bee
  1794 | D        | Killed a killer bee
  1798 | D        | Killed a killer bee
  1802 | D        | Noticed a killer bee
  1806 | D        | Killed a killer bee
  1811 | D        | Killed a killer bee
  1819 | D        | Killed a killer bee
  1825 | D        | Killed a killer bee
  1831 | D        | Killed a killer bee
  1837 | D        | Killed a killer bee
  1847 | D        | Killed a killer bee
  2069 | D        | Noticed Dowan
  2069 | D        | Noticed Duvessa
  2078 | D        | Killed Dowan
  2225 | D        | Killed Duvessa
  2248 | D        | Noticed a wandering mushroom
  2249 | D        | Noticed a wandering mushroom
  2249 | D        | Noticed a wandering mushroom
  2250 | D        | Killed a wandering mushroom
  2253 | D        | Killed a wandering mushroom
  2253 | D        | Reached skill level 16 in Stealth
  2256 | D        | Killed a wandering mushroom
  2256 | D        | Reached skill level 5 in Summonings
  2295 | D        | Noticed a spiny frog
  2295 | D        | Noticed a komodo dragon
  2295 | D        | Noticed a spiny frog
  2547 | D        | Killed a spiny frog
  2547 | D        | Reached skill level 15 in Dodging
  2550 | D        | Killed a komodo dragon
  2575 | D        | Killed a spiny frog
  2575 | D        | Reached XP level 11. HP: 47/56 MP: 19/27
  2584 | D        | Learned a level 7 spell: Summon Hydra
  2634 | D        | Noticed a redback
  2636 | D        | Killed a redback
  2636 | D        | Reached skill level 10 in Hexes
  2637 | D        | Noticed a brain worm
  2640 | D        | Killed a brain worm
  2662 | D        | Noticed a brain worm
  2664 | D        | Killed a brain worm
  2667 | D        | Noticed a lindwurm
  2669 | D        | Noticed a redback
  2670 | D        | Killed a lindwurm
  2672 | D        | Killed a redback
  2677 | D        | Noticed a redback
  2678 | D        | Killed a redback
  2679 | D        | Noticed Maud
  2681 | D        | Killed Maud
  2681 | D        | Reached skill level 17 in Stealth
  2681 | D        | Reached skill level 5 in Conjurations
  2692 | D        | Noticed an electric eel
  2693 | D        | Noticed a four-headed hydra
  2693 | D        | Noticed an eight-headed hydra
  2694 | D        | Killed a yaktaur
  2698 | D        | Killed an electric eel
  2700 | D        | Killed an eight-headed hydra
  2701 | D        | Killed a four-headed hydra
  2742 | D        | Noticed a death drake
  2744 | D        | Killed a death drake
  2767 | D        | Found a blossoming altar of Fedhas.
  2767 | D        | Noticed a spriggan
  2767 | D        | Noticed a spriggan druid
  2767 | D        | Noticed a spriggan
  2769 | D        | Killed a spriggan
  2770 | D        | Killed a spriggan druid
  2771 | D        | Killed a spriggan
  2829 | D        | Noticed a swamp drake
  2829 | D        | Noticed a fire drake
  2830 | D        | Killed a fire drake
  2832 | D        | Killed a swamp drake
  2838 | D        | Noticed a blink frog
  2838 | D        | Noticed a blink frog
  2838 | D        | Noticed a blink frog
  2840 | D        | Noticed a blink frog
  2840 | D        | Noticed a blink frog
  2858 | D        | Killed a blink frog
  2861 | D        | Killed a blink frog
  2880 | D        | Killed a blink frog
  2949 | D        | Killed a blink frog
  2956 | D        | Killed a blink frog
  3055 | D        | Noticed Rupert
  3150 | D        | Paralysed by Rupert for 7 turns
  3156 | D        | Annihilated by Rupert

Vault maps used:
D:        dungeon_sprint_mu

Action                   |  1- 3 |  4- 6 |  7- 9 | 10-12 || total
-------------------------+-------+-------+-------+-------++-------
Melee: Dagger            |    14 |    38 |   147 |   153 ||   352
 Fire: Blowgun           |       |       |       |     4 ||     4
 Cast: Corona            |     1 |       |       |       ||     1
       Ensorcelled Hiber |     3 |     1 |     3 |    21 ||    28
       Summon Ice Beast  |       |       |    10 |       ||    10
       Call Canine Famil |       |       |     1 |       ||     1
       Confuse           |       |       |       |     3 ||     3
Invok: Shadow Step       |       |       |       |     9 ||     9
  Use: Potion            |     2 |       |     1 |       ||     3
       Scroll            |     2 |       |       |       ||     2
 Stab: Sleeping          |     6 |     5 |     9 |    28 ||    48
       Distracted        |       |       |     1 |       ||     1
       Confused          |       |       |       |     1 ||     1
  Eat: Royal jelly       |       |       |       |     2 ||     2
